| TOP OF THE 1ST |
|
Colorado Springs Sky Sox batting - Pitching for Sacramento River Cats : RHP Tong Huang
|
|
Pitching: RHP Tong Huang
|
|
|
Batting: RHB Juan Figueroa
|
0-0: Called Strike 0-1: Swinging Strike 0-2: SINGLE (Flyball, 8RS, EV 88.8 MPH)
|
|
Batting: RHB Matviy Oliynyk
|
0-0: Called Strike Juan Figueroa steals 2nd base 0-1: Ball 1-1: Ball 2-1: Fly out, F6 (Line Drive, 56, EV 68.1 MPH) Lined into DP, 6-4 (Line Drive, 56, EV 69.4 MPH)
|
|
Batting: LHB Kyle Schaible
|
0-0: Ball 1-0: Swinging Strike 1-1: Ball 2-1: Ground out U3 (Groundball, 3, EV 88.1 MPH)
|
| Top of the 1st over - 0 runs, 1 hit, 0 errors, 0 left on base; Colorado Springs 0 - Sacramento 0 |
| BOTTOM OF THE 1ST |
|
Sacramento River Cats batting - Pitching for Colorado Springs Sky Sox : LHP Steve Ransom
|
|
Pitching: LHP Steve Ransom
|
|
|
Batting: RHB Curt Earnest
|
0-0: Foul Ball, location: 2F 0-1: Ball 1-1: Foul Ball, location: 2F 1-2: Foul Ball, location: 2F 1-2: Foul Ball, location: 2F 1-2: Foul Ball, location: 2F 1-2: Ball 2-2: Reached on error, E4 (Flyball, 4D, EV 88.8 MPH)
|
|
Batting: RHB Troy Trice
|
0-0: Ball Curt Earnest steals 2nd base 1-0: Ball 2-0: Foul Ball, location: 2F 2-1: Ball 3-1: Called Strike 3-2: Foul Ball, location: 2F 3-2: Strikes out looking
|
|
Batting: RHB Jose Rivera
|
0-0: Ball 1-0: Ball 2-0: Ball 3-0: Called Strike 3-1: Ground out 6-3 (Groundball, 56D, EV 78.8 MPH)
|
|
Batting: RHB Tyler Mapes
|
0-0: Ball 1-0: Ball 2-0: Ball Wild Pitch! Curt Earnest to third 3-0: Foul Ball, location: 2F 3-1: Called Strike 3-2: SINGLE (Groundball, 56S, EV 64.4 MPH) (infield hit) Curt Earnest scores
|
|
Batting: RHB Chris Powell
|
0-0: Called Strike 0-1: Called Strike 0-2: Ball 1-2: Strikes out swinging
|
| Bottom of the 1st over - 1 run, 1 hit, 1 error, 1 left on base; Colorado Springs 0 - Sacramento 1 |
| TOP OF THE 2ND |
|
Colorado Springs Sky Sox batting - Pitching for Sacramento River Cats : RHP Tong Huang
|
|
Batting: LHB Michael Krott
|
0-0: Ball 1-0: Ground out 4-3 (Groundball, 34D, EV 94.4 MPH)
|
|
Batting: LHB Luke Coulter
|
0-0: Ball 1-0: Called Strike 1-1: Ball 2-1: Ball 3-1: Foul Ball, location: 2F 3-2: Base on Balls
|
|
Batting: SHB Chris Besselman
|
0-0: Fielders Choice at 2nd, 3-6 (Groundball, 3, EV 85.6 MPH)
|
|
Batting: RHB Eric Delgado
|
0-0: Ball 1-0: Reached on error, E5 (Groundball, 56S, EV 78.8 MPH) Chris Besselman to second
|
|
Batting: RHB Kevin Tangeman
|
0-0: Called Strike 0-1: Foul Ball, location: 2F 0-2: Ball 1-2: Ball 2-2: Strikes out swinging
|
| Top of the 2nd over - 0 runs, 0 hits, 1 error, 2 left on base; Colorado Springs 0 - Sacramento 1 |
| BOTTOM OF THE 2ND |
|
Sacramento River Cats batting - Pitching for Colorado Springs Sky Sox : LHP Steve Ransom
|
|
Batting: LHB Pauli Gassinger
|
0-0: Called Strike 0-1: Swinging Strike 0-2: Ground out 4-3 (Groundball, 13, EV 89.4 MPH)
|
|
Batting: SHB Carlos Rodriguez
|
0-0: Ball 1-0: Ball 2-0: Ball 3-0: Base on Balls
|
|
Batting: RHB Steve Jones
|
0-0: Ball Carlos Rodriguez steals 2nd base 1-0: Called Strike 1-1: Swinging Strike 1-2: Foul Ball, location: 2F 1-2: Ball 2-2: Strikes out swinging
|
|
Batting: LHB Franklin Quezada
|
0-0: Ball 1-0: Ground out 5-3 (Groundball, 56, EV 108.1 MPH)
|
| Bottom of the 2nd over - 0 runs, 0 hits, 0 errors, 1 left on base; Colorado Springs 0 - Sacramento 1 |
| TOP OF THE 3RD |
|
Colorado Springs Sky Sox batting - Pitching for Sacramento River Cats : RHP Tong Huang
|
|
Batting: RHB Pei Xie
|
0-0: Swinging Strike 0-1: Ball 1-1: Foul Ball, location: 2F 1-2: Ball 2-2: Strikes out swinging
|
|
Batting: RHB Juan Figueroa
|
0-0: Ball 1-0: Called Strike 1-1: Called Strike 1-2: Foul Ball, location: 2F 1-2: Foul Ball, location: 2F 1-2: Ball 2-2: Strikes out swinging
|
|
Batting: RHB Matviy Oliynyk
|
0-0: Ball 1-0: Foul Ball, location: 2F 1-1: Ball 2-1: Swinging Strike 2-2: Fly out, F9 (Flyball, 9LM, EV 89.4 MPH)
|
| Top of the 3rd over - 0 runs, 0 hits, 0 errors, 0 left on base; Colorado Springs 0 - Sacramento 1 |
| BOTTOM OF THE 3RD |
|
Sacramento River Cats batting - Pitching for Colorado Springs Sky Sox : LHP Steve Ransom
|
|
Batting: RHB Curt Earnest
|
0-0: Fly out, F3 (Popup, 23F, EV 81.2 MPH)
|
|
Batting: RHB Troy Trice
|
0-0: Called Strike 0-1: Foul Ball, location: 2F 0-2: Fly out, F4 (Popup, 13, EV 91.2 MPH)
|
|
Batting: RHB Jose Rivera
|
0-0: Ground out 6-3 (Groundball, 6S, EV 86.9 MPH)
|
| Bottom of the 3rd over - 0 runs, 0 hits, 0 errors, 0 left on base; Colorado Springs 0 - Sacramento 1 |
| TOP OF THE 4TH |
|
Colorado Springs Sky Sox batting - Pitching for Sacramento River Cats : RHP Tong Huang
|
|
Batting: LHB Kyle Schaible
|
0-0: SINGLE (Groundball, 6MD, EV 103.8 MPH)
|
|
Batting: LHB Michael Krott
|
0-0: Called Strike 0-1: Ball 1-1: Ball Kyle Schaible steals 2nd base 2-1: Called Strike 2-2: Ball 3-2: Ground out U3 (Groundball, 3, EV 81.9 MPH) Kyle Schaible to third
|
|
Batting: LHB Luke Coulter
|
0-0: Ball 1-0: Ball 2-0: Foul Ball, location: 2F 2-1: SINGLE (Groundball, 56D, EV 105.6 MPH) Kyle Schaible scores
|
|
Batting: SHB Chris Besselman
|
0-0: Ball 1-0: Foul Ball, location: 2F 1-1: Called Strike 1-2: Strikes out looking
|
|
Batting: RHB Eric Delgado
|
0-0: Ball 1-0: Ball 2-0: Called Strike 2-1: Ball 3-1: Foul Ball, location: 2F 3-2: Base on Balls Luke Coulter to second
|
|
Batting: RHB Kevin Tangeman
|
0-0: Called Strike 0-1: Ball 1-1: Ball 2-1: SINGLE (Groundball, 6MD, EV 95.6 MPH) Luke Coulter to third Eric Delgado to second Runner from 3rd tries for Home, SAFE, throw by CF to trailing runner, SAFE at third!
|
|
Batting: RHB Pei Xie
|
0-0: 3-RUN HOME RUN (Line Drive, 7D, EV 98.8 MPH), Distance : 406 ft
|
|
Pitching: LHP Adam Ody
|
|
|
Batting: RHB Juan Figueroa
|
0-0: Called Strike 0-1: Fly out, F8 (Flyball, 89M, EV 90.0 MPH)
|
| Top of the 4th over - 5 runs, 4 hits, 0 errors, 0 left on base; Colorado Springs 5 - Sacramento 1 |
| BOTTOM OF THE 4TH |
|
Sacramento River Cats batting - Pitching for Colorado Springs Sky Sox : LHP Steve Ransom
|
|
Batting: RHB Tyler Mapes
|
0-0: Ball 1-0: SINGLE (Flyball, 89S, EV 94.4 MPH)
|
|
Batting: RHB Chris Powell
|
0-0: Called Strike 0-1: Ball 1-1: Ball 2-1: Foul Ball, location: 2F 2-2: Strikes out looking
|
|
Batting: LHB Pauli Gassinger
|
0-0: Swinging Strike 0-1: Fly out, F7 (Flyball, 78M, EV 88.1 MPH)
|
|
Batting: SHB Carlos Rodriguez
|
0-0: Ground out 4-3 (Groundball, 13, EV 77.5 MPH)
|
| Bottom of the 4th over - 0 runs, 1 hit, 0 errors, 1 left on base; Colorado Springs 5 - Sacramento 1 |
| TOP OF THE 5TH |
|
Colorado Springs Sky Sox batting - Pitching for Sacramento River Cats : LHP Adam Ody
|
|
Batting: RHB Matviy Oliynyk
|
0-0: Ground out 4-3 (Groundball, 4, EV 84.4 MPH)
|
|
Batting: LHB Kyle Schaible
|
0-0: Ball 1-0: Foul Ball, location: 2F 1-1: Swinging Strike 1-2: Strikes out swinging
|
|
Batting: LHB Michael Krott
|
0-0: Called Strike 0-1: Hit by Pitch
|
|
Batting: LHB Luke Coulter
|
0-0: Fielders Choice at 2nd, 6-4 (Groundball, 6, EV 90.0 MPH)
|
| Top of the 5th over - 0 runs, 0 hits, 0 errors, 1 left on base; Colorado Springs 5 - Sacramento 1 |
| BOTTOM OF THE 5TH |
|
Sacramento River Cats batting - Pitching for Colorado Springs Sky Sox : LHP Steve Ransom
|
|
Batting: RHB Steve Jones
|
0-0: Called Strike 0-1: Fly out, F7 (Flyball, 7, EV 90.6 MPH)
|
|
Batting: LHB Franklin Quezada
|
0-0: Foul Ball, location: 2F 0-1: Called Strike 0-2: Strikes out looking
|
|
Batting: RHB Curt Earnest
|
0-0: Called Strike 0-1: Ground out 6-3 (Groundball, 56, EV 79.4 MPH)
|
| Bottom of the 5th over - 0 runs, 0 hits, 0 errors, 0 left on base; Colorado Springs 5 - Sacramento 1 |
| TOP OF THE 6TH |
|
Colorado Springs Sky Sox batting - Pitching for Sacramento River Cats : LHP Adam Ody
|
|
Batting: SHB Chris Besselman
|
0-0: Swinging Strike 0-1: Foul Ball, location: 2F 0-2: Ball 1-2: Ball 2-2: Foul Ball, location: 2F 2-2: Fly out, F8 (Line Drive, 8LM, EV 84.4 MPH)
|
|
Batting: RHB Eric Delgado
|
0-0: Ball 1-0: Ball 2-0: Ball 3-0: Called Strike 3-1: Swinging Strike 3-2: Foul Ball, location: 2F 3-2: Foul Ball, location: 2F 3-2: Ground out 5-3 (Groundball, 56, EV 107.5 MPH)
|
|
Batting: RHB Kevin Tangeman
|
0-0: Called Strike 0-1: Ball 1-1: Called Strike 1-2: SINGLE (Flyball, 4D, EV 88.1 MPH)
|
|
Batting: RHB Pei Xie
|
0-0: Ball 1-0: DOUBLE (Groundball, 3L, EV 98.8 MPH) Kevin Tangeman to third
|
|
Batting: RHB Juan Figueroa
|
0-0: Called Strike 0-1: Called Strike 0-2: Strikes out swinging
|
| Top of the 6th over - 0 runs, 2 hits, 0 errors, 2 left on base; Colorado Springs 5 - Sacramento 1 |
| BOTTOM OF THE 6TH |
|
Sacramento River Cats batting - Pitching for Colorado Springs Sky Sox : LHP Steve Ransom
|
|
Batting: RHB Troy Trice
|
0-0: Ball 1-0: Foul Ball, location: 2F 1-1: Ball 2-1: Swinging Strike 2-2: Ball 3-2: Base on Balls
|
|
Batting: RHB Jose Rivera
|
0-0: Ball 1-0: Foul Ball, location: 2F 1-1: Ground out 5-3 (Groundball, 5S, EV 69.4 MPH) Troy Trice to second
|
|
Batting: RHB Tyler Mapes
|
0-0: Called Strike 0-1: SINGLE (Groundball, 56, EV 104.4 MPH) Troy Trice to third Runner from 3rd tries for Home, SAFE, throw by LF to home
|
|
Batting: RHB Chris Powell
|
0-0: Called Strike 0-1: Fly out, F8 (Flyball, 8RD, EV 96.9 MPH)
|
|
Batting: LHB Pauli Gassinger
|
0-0: Ball 1-0: Fly out, F8 (Flyball, 8RM, EV 88.1 MPH)
|
| Bottom of the 6th over - 1 run, 1 hit, 0 errors, 1 left on base; Colorado Springs 5 - Sacramento 2 |
| TOP OF THE 7TH |
|
Colorado Springs Sky Sox batting - Pitching for Sacramento River Cats : LHP Adam Ody
|
|
Pitching: RHP Sam Drews
|
|
|
Batting: RHB Matviy Oliynyk
|
0-0: Called Strike 0-1: DOUBLE (Groundball, 5L, EV 104.4 MPH)
|
|
Batting: LHB Kyle Schaible
|
0-0: Ball 1-0: Ball 2-0: Called Strike 2-1: Foul Ball, location: 2F 2-2: Reached on error, E4 (Groundball, 34, EV 98.1 MPH) Matviy Oliynyk scores
|
|
Batting: LHB Michael Krott
|
0-0: Intentional Walk
|
|
Batting: LHB Luke Coulter
|
0-0: Ball 1-0: Ball 2-0: SINGLE (Line Drive, 56, EV 105.0 MPH) Kyle Schaible to third Michael Krott to second
|
|
Batting: SHB Chris Besselman
|
0-0: GRAND SLAM HOME RUN (Flyball, 9LD, EV 95.0 MPH), Distance : 335 ft
|
|
Pitching: RHP Doug Kennie
|
|
|
Batting: RHB Eric Delgado
|
0-0: Ball 1-0: Ball 2-0: Ground out 6-3 (Groundball, 6, EV 85.0 MPH)
|
|
Batting: RHB Kevin Tangeman
|
0-0: Ball 1-0: Ball 2-0: Foul Ball, location: 2F 2-1: Fly out, F6 (Popup, 6S, EV 76.2 MPH)
|
|
Batting: RHB Pei Xie
|
0-0: Ball 1-0: Ball 2-0: Foul Ball, location: 2F 2-1: Ground out 5-3 (Groundball, 56S, EV 81.9 MPH)
|
| Top of the 7th over - 5 runs, 3 hits, 1 error, 0 left on base; Colorado Springs 10 - Sacramento 2 |
| BOTTOM OF THE 7TH |
|
Sacramento River Cats batting - Pitching for Colorado Springs Sky Sox : LHP Steve Ransom
|
|
Batting: SHB Carlos Rodriguez
|
0-0: Swinging Strike 0-1: Ball 1-1: Ball 2-1: Foul Ball, location: 2F 2-2: Strikes out swinging
|
|
Batting: RHB Steve Jones
|
0-0: SINGLE (Groundball, 34D, EV 106.2 MPH) (infield hit)
|
|
Batting: LHB Franklin Quezada
|
0-0: Ball 1-0: Swinging Strike 1-1: SINGLE (Groundball, 34D, EV 100.6 MPH) Steve Jones to second Runner from 2nd tries for 3rd, SAFE, throw by RF made to third
|
|
Batting: RHB Curt Earnest
|
0-0: Ball Franklin Quezada steals 2nd base (no throw) 1-0: Ball 2-0: Foul Ball, location: 2F 2-1: Ball 3-1: Called Strike 3-2: Base on Balls
|
|
Batting: RHB Troy Trice
|
0-0: Ball 1-0: Ball 2-0: Ball 3-0: Base on Balls Steve Jones scores Franklin Quezada to third Curt Earnest to second
|
|
Pitching: LHP Kyle Mearkle
|
|
|
Batting: RHB Jose Rivera
|
0-0: Ball 1-0: Foul Ball, location: 2F 1-1: Ball 2-1: Foul Ball, location: 2F 2-2: Strikes out looking
|
|
Batting: RHB Tyler Mapes
|
0-0: Ball 1-0: Called Strike 1-1: Ball 2-1: Ball 3-1: Base on Balls Franklin Quezada scores Curt Earnest to third Troy Trice to second
|
|
Batting: RHB Chris Powell
|
0-0: Ball 1-0: Called Strike 1-1: Ball 2-1: Foul Ball, location: 2F 2-2: Ground out U3 (Groundball, 34S, EV 71.9 MPH)
|
| Bottom of the 7th over - 2 runs, 2 hits, 0 errors, 3 left on base; Colorado Springs 10 - Sacramento 4 |
| TOP OF THE 8TH |
|
Colorado Springs Sky Sox batting - Pitching for Sacramento River Cats : RHP Doug Kennie
|
|
Batting: RHB Juan Figueroa
|
0-0: Called Strike 0-1: Ball 1-1: Swinging Strike 1-2: Ball 2-2: SINGLE (Groundball, 56D, EV 96.9 MPH)
|
|
Batting: RHB Matviy Oliynyk
|
0-0: Ball 1-0: Foul Ball, location: 2F 1-1: Ball 2-1: Ball 3-1: Base on Balls Juan Figueroa to second
|
|
Batting: LHB Kyle Schaible
|
0-0: DOUBLE (Line Drive, 9LS, EV 97.5 MPH) Juan Figueroa scores Matviy Oliynyk to third
|
|
Pinch Hitting: LHB Steve Gilliam
|
0-0: Called Strike 0-1: Ball 1-1: Ball 2-1: Ball 3-1: Swinging Strike 3-2: Strikes out swinging
|
|
Batting: LHB Luke Coulter
|
0-0: Ball 1-0: Ball 2-0: Ball 3-0: Swinging Strike 3-1: Fly out, F7 (Flyball, 7D, EV 103.1 MPH) Runner from 3rd tags up, SCORES, no throw by LF Kyle Schaible to third
|
|
Batting: SHB Chris Besselman
|
0-0: Called Strike 0-1: Swinging Strike 0-2: Ball 1-2: Foul Ball, location: 2F 1-2: Foul Ball, location: 2F 1-2: Strikes out swinging
|
| Top of the 8th over - 2 runs, 2 hits, 0 errors, 1 left on base; Colorado Springs 12 - Sacramento 4 |
| BOTTOM OF THE 8TH |
|
Sacramento River Cats batting - Pitching for Colorado Springs Sky Sox : LHP Kyle Mearkle
|
|
Now in CF: Steve Gilliam
|
|
|
Batting: LHB Pauli Gassinger
|
0-0: Ball 1-0: Ball 2-0: Swinging Strike 2-1: Ball 3-1: Swinging Strike 3-2: Base on Balls
|
|
Batting: SHB Carlos Rodriguez
|
0-0: Ball 1-0: Called Strike 1-1: Ball 2-1: Ball 3-1: Base on Balls Pauli Gassinger to second
|
|
Batting: RHB Steve Jones
|
0-0: Ball 1-0: SINGLE (Line Drive, 7LS, EV 103.1 MPH) Pauli Gassinger to third Carlos Rodriguez to second Runner from 3rd tries for Home, throw by LF and OUT! 7-2
|
|
Pinch Hitting: LHB Dillon Gonzalez
|
0-0: Ball 1-0: Swinging Strike 1-1: Ball 2-1: Ball 3-1: Base on Balls Carlos Rodriguez to third Steve Jones to second
|
|
Batting: RHB Curt Earnest
|
0-0: Ball 1-0: Ball 2-0: Called Strike 2-1: Ball 3-1: Foul Ball, location: 2F 3-2: Base on Balls Carlos Rodriguez scores Steve Jones to third Dillon Gonzalez to second
|
|
Pitching: RHP Davon Ware
|
|
|
Batting: SHB Francisco Gutierrez
|
0-0: Ball 1-0: Ball 2-0: Ball 3-0: Called Strike 3-1: DOUBLE (Line Drive, 7LD, EV 113.1 MPH) Steve Jones scores Dillon Gonzalez scores Curt Earnest to third Runner from 3rd tries for Home, throw by LF and OUT! 7-6-2
|
|
Pinch Hitting: LHB Mason Duffy
|
0-0: Ball 1-0: Foul Ball, location: 2F 1-1: Ball 2-1: Ball 3-1: Swinging Strike 3-2: Strikes out looking
|
| Bottom of the 8th over - 3 runs, 2 hits, 0 errors, 1 left on base; Colorado Springs 12 - Sacramento 7 |
| TOP OF THE 9TH |
|
Colorado Springs Sky Sox batting - Pitching for Sacramento River Cats : RHP Doug Kennie
|
|
Pitching: LHP Joel Page
|
|
|
Now at 1B: Brian Rogers
|
|
|
Now in RF: Dillon Gonzalez
|
|
|
Batting: RHB Eric Delgado
|
0-0: Ground out U3 (Groundball, 34S, EV 81.2 MPH)
|
|
Batting: RHB Kevin Tangeman
|
0-0: Ball 1-0: Ball 2-0: Foul Ball, location: 2F 2-1: Ball 3-1: Called Strike 3-2: Strikes out looking
|
|
Batting: RHB Pei Xie
|
0-0: Called Strike 0-1: Foul Ball, location: 2F 0-2: Ball 1-2: Ball 2-2: Foul Ball, location: 2F 2-2: Foul Ball, location: 2F 2-2: Reached on error, E2 (Groundball, 13S, EV 70.0 MPH)
|
|
Batting: RHB Juan Figueroa
|
0-0: SINGLE (Groundball, 34S, EV 66.9 MPH) (infield hit) Pei Xie to third
|
|
Batting: RHB Matviy Oliynyk
|
0-0: Ball 1-0: Called Strike 1-1: Called Strike 1-2: SINGLE (Groundball, 4M, EV 111.2 MPH) (infield hit) Pei Xie scores Juan Figueroa to second
|
|
Batting: LHB Kyle Schaible
|
0-0: Called Strike 0-1: Foul Ball, location: 2F 0-2: Foul Ball, location: 2F 0-2: Fielders Choice at 2nd, 5-4 (Groundball, 56D, EV 103.8 MPH)
|
| Top of the 9th over - 1 run, 2 hits, 1 error, 2 left on base; Colorado Springs 13 - Sacramento 7 |
| BOTTOM OF THE 9TH |
|
Sacramento River Cats batting - Pitching for Colorado Springs Sky Sox : RHP Davon Ware
|
|
Batting: RHB Tyler Mapes
|
0-0: Ball 1-0: Called Strike 1-1: Ball 2-1: Called Strike 2-2: Foul Ball, location: 2F 2-2: Foul Ball, location: 2F 2-2: Strikes out swinging
|
|
Batting: RHB Chris Powell
|
0-0: Ball 1-0: Fly out, F4 (Popup, 4M, EV 77.5 MPH)
|
|
Batting: LHB Pauli Gassinger
|
0-0: Called Strike 0-1: Ground out 1-3 (Groundball, 13S, EV 66.9 MPH)
|
| Bottom of the 9th over - 0 runs, 0 hits, 0 errors, 0 left on base; Colorado Springs 13 - Sacramento 7 |
|